 Dungeon Crawl Stone Soup version 0.31-a0-986-g5e6e4ef867 (webtiles) character file.

Game seed: 12418018483378633783

44979 freelancePsychic the Warrior (level 13, -11/116 HPs)
             Began as a Demonspawn Monk on Nov 22, 2023.
             Was the Champion of Okawaru.
             Mangled by avis's ghost (24 damage)
             ... on level 5 of the Lair of Beasts.
             The game lasted 00:37:29 (20619 turns).

freelancePsychic the Warrior (Demonspawn Monk)     Turns: 20619, Time: 00:37:30

Health: -11/116    AC: 17    Str: 18    XL:     13   Next: 99%
Magic:  23/23      EV: 16    Int: 12    God:    Okawaru [******]
Gold:   1331       SH:  4    Dex: 17    Spells: 12/12 levels left

rFire   + . .        O - +5 demon trident (heavy)
rCold   + + .        d - orb {light}
rNeg    . . .        j - +0 chain mail
rPois   +            (helmet restricted)
rElec   .            (no cloak)
rCorr   .            h - +2 pair of gloves {Stlth+}
SInv    .            T - +0 pair of boots of the Buccaneer {rC++ Str+5}
Will    .....        D - amulet of regeneration
Stlth   +            p - ring of poison resistance
HPRegen 1.19/turn    K - +5 ring of evasion
MPRegen 0.18/turn

%: no passive effects
@: mighty, about to teleport, glowing
A: antennae 2, icemail 1, powered by pain 1, sturdy frame 2, condensation
shield, fire resistance 1, weak 1
a: Renounce Religion, Heroism, Finesse, Duel


You were on level 5 of the Lair of Beasts.
You worshipped Okawaru.
Okawaru was exalted by your worship.
You visited 2 branches of the dungeon, and saw 16 of its levels.
You also visited: Bailey and Gauntlet.

You collected 1481 gold pieces.
You spent 150 gold pieces at shops.

Inventory:

Hand Weapons
 b - a +3 glaive of protection
 g - a +4 trident of electrocution
 E - a +6 halberd
 O - a +5 heavy demon trident (weapon)
Missiles
 z - 5 silver javelins
 U - a throwing net
Armour
 d - an orb of light (worn)
 h - a +2 pair of gloves of stealth (worn)
 j - a +0 chain mail (worn)
 l - the +2 pair of boots of the Gusle {rCorr}
   (You acquired it on level 2 of the Lair of Beasts)

   rCorr:     It protects you from acid and corrosion.
 A - a +1 pair of boots of flying
 P - the +3 robe of Clouds {*Thunder rCloud rElec}
   (You found it in a Gauntlet)

   *Thunder:  It occasionally creates storm clouds above nearby enemies.
   rCloud:    It grants its wearer immunity to clouds.
   rElec:     It insulates you from electricity.
 T - the +0 pair of boots of the Buccaneer (worn) {rC++ Str+5}
   (Okawaru gifted it to you on level 5 of the Lair of Beasts)

   Str+5:     It affects your strength (+5).
   rC++:      It greatly protects you from cold.
Jewellery
 c - the ring "Giniwa" {rPois rF- rN++ Dex+6 SInv}
   (You found it on level 3 of the Lair of Beasts)

   [ring of dexterity]

   Dex+6:     It affects your dexterity (+6).
   rF-:       It makes you vulnerable to fire.
   rPois:     It protects you from poison rN++: It greatly protects you from
   negative energy.
   SInv:      It lets you see invisible.
 m - a +6 ring of dexterity
 p - a ring of poison resistance (left hand)
 u - an amulet of reflection
 x - a ring of fire
 D - an amulet of regeneration (around neck)
 J - a ring of resist corrosion
 K - a +5 ring of evasion (right hand)
 L - the amulet of Elemental Vulnerability {rPois rF-- rC-- AC+8}
   (You took it off an orc priest on level 11 of the Dungeon)

   [amulet of nothing]

   AC+8:      It affects your AC (+8).
   rF--:      It makes you very vulnerable to fire.
   rC--:      It makes you very vulnerable to cold.
   rPois:     It protects you from poison
 N - the ring "Koib" {rC+ rN+ Int+2 Dex+6}
   (You found it in a Gauntlet)

   [ring of dexterity]

   Int+2:     It affects your intelligence (+2).
   Dex+6:     It affects your dexterity (+6).
   rC+:       It protects you from cold.
   rN+:       It protects you from negative energy.
Wands
 y - a wand of flame (25)
 C - a wand of roots (4)
 W - a wand of quicksilver (5)
Scrolls
 e - 4 scrolls of brand weapon
 i - 2 scrolls of noise
 k - 3 scrolls of fog
 n - 2 scrolls of vulnerability
 r - 4 scrolls of amnesia
 s - 5 scrolls of enchant armour
 G - 7 scrolls of identify {@r1}
 I - 3 scrolls of blinking
 Q - a scroll of revelation
 X - a scroll of enchant weapon
Potions
 a - a potion of resistance {unknown}
 f - 2 potions of might {unknown}
 o - a potion of brilliance
 q - 6 potions of enlightenment
 t - 2 potions of ambrosia
 v - 4 potions of heal wounds {unknown}
 w - 2 potions of magic {unknown}
 B - a potion of attraction
 F - a potion of mutation
 H - 2 potions of curing {@q1}
 R - a potion of haste {@q3}
 S - a potion of lignification
 V - a potion of berserk rage
 Y - a potion of cancellation {unknown}
 Z - a potion of invisibility {unknown}


   Skills:
 + Level 15.2 Fighting
 + Level 13.9 Polearms
 + Level 2.4 Armour
 - Level 3.2 Dodging
 - Level 13.4 Invocations
 - Level 6.6 Evocations


You had 12 spell levels left.
You didn't know any spells.
Your spell library contained the following spells:

 Spells                   Type           Power      Damage    Failure   Level
 Slow                     Hex            0%         N/A       71%         1
 Sublimation of Blood     Necr           0%         N/A       85%         2
 Confusing Touch          Hex            0%         N/A       97%         3
 Inner Flame              Hex/Fire       0%         N/A       97%         3
 Sigil of Binding         Hex            0%         N/A       97%         3
 Vampiric Draining        Necr           0%         2d6       97%         3
 Anguish                  Hex/Necr       0%         N/A       100%        4
 Cause Fear               Hex            0%         N/A       100%        4
 Dimensional Bullseye     Hex/Tloc       0%         N/A       100%        4
 Iskenderun's Mystic Bla  Conj/Tloc      0%         2d3       100%        4
 Petrify                  Tmut/Erth      0%         N/A       100%        4
 Vhi's Electric Charge    Tloc/Air       0%         N/A       100%        4
 Arcjolt                  Conj/Air       0%         1d10      100%        5
 Irradiate                Conj/Tmut      0%         3d11      100%        5
 Yara's Violent Unravell  Hex/Tmut       0%         3d3       100%        5
 Plasma Beam              Fire/Air       0%         2x1d10    100%        6
 Enfeeble                 Hex            0%         N/A       100%        7
 Tukima's Dance           Hex            Unusable   N/A       N/A         3

Dungeon Overview and Level Annotations

Branches:
Dungeon (11/15)            Temple (0/1) D:6            Lair (5/5) D:10
 Shoals (0/4) Lair:2        Snake (0/4) Lair:3        Slime (0/5) Lair:4
    Orc (0/2) D:11         Bailey (visited)         Gauntlet (visited)

Altars:
Cheibriados
Gozag
Kikubaaqudgha
Okawaru
Trog
Wu Jian
Xom
Yredelemnul
Jiyva

Shops:
D:1 ?   D:6 (   D:11 [

Annotations:
Lair:1 3 runed translucent doors, jestert79's ghost, journeyman VSMo
Lair:5 avis's ghost, journeyman FeSh


Innate Abilities, Weirdness & Mutations

You have a pair of antennae on your head.
A meltable icy envelope protects you from harm. (AC +4)
You sometimes gain a little power by taking damage.
Your movements are less encumbered by armour. (ER -4)
A meltable shield of frost defends you. (SH +4)
Your flesh is heat resistant. (rF+)
You are weak. (Str -2)


Message History

The boulder beetle curls into a ball and begins rolling!
Avis's ghost says, "I guess you can't buy your way into a good afterlife."
Avis's ghost closely misses you.
You enter the transporter and appear at another place.
The five-headed hydra bites you! The five-headed hydra bites you. x2
The five-headed hydra misses you.
The five-headed hydra bites you but does no damage.
Avis's ghost barely misses you.
Okay, then.
You impale the five-headed hydra!!
The five-headed hydra is heavily wounded.
You hear a croak.
The five-headed hydra closely misses you.
The five-headed hydra bites you!
You focus on the pain.
You feel very mighty all of a sudden.
The five-headed hydra bites you but does no damage.
The five-headed hydra barely misses you.
The five-headed hydra bites you. Avis's ghost hits you.
You impale the five-headed hydra!!
The five-headed hydra is almost dead.
A cane toad comes into view.
The five-headed hydra barely misses you.
The five-headed hydra bites you.
The five-headed hydra barely misses you.
The five-headed hydra bites you!
You focus on the pain.
You feel mightier all of a sudden. The five-headed hydra bites you!
Avis's ghost hits you!!
* * * LOW HITPOINT WARNING * * *
You spit the five-headed hydra like a pig!!!
You kill the five-headed hydra!
Okawaru accepts your kill. Okawaru grants you throwing weapons!
Something appears at your feet! Avis's ghost completely misses you.
As you read the scroll of teleportation {@r4}, it crumbles to dust.
You feel strangely unstable. Avis's ghost hits you!
* * * LOW HITPOINT WARNING * * *
Avis's ghost attacks as it pursues you! Avis's ghost hits you!
* * * LOW HITPOINT WARNING * * *
Avis's ghost attacks as it pursues you! Avis's ghost hits you!!
You die...

..P###.............#
...# ##............##
...###..............#
#.##................#
####...###..........# #
#...##.#####.....## #
##..#......##....P# #
#..##..#....##....#
###..#.#...#...#@...#
##.#.# .#.##..##W...#
#..#.##$#...#{#©†l.##
......#!#.....##.....#
#....©#!=.y#..{#..F.P#
#.....#!.#..°#.#....##
.###.##.....#{##...P..
###..#..#.#.Bt#.......♣
.##..#..#.#...#........


You could see a skyshark, a cane toad and avis's ghost.

Vanquished Creatures
  Kirke (Lair:5)
  8 hydras
  A boulder beetle (Lair:4)
  2 death yaks (Lair:3)
  3 two-headed ogres
  A hell hog (Gauntlet)
  Urug (Lair:4)
  Sonja (Lair:5)
  An orc knight (Bailey)
  Pikel (D:5)
  A necromancer (Lair:4)
  2 cyclopes
  An ugly thing (D:9)
  16 elephants
  6 black mambas
  8 cane toads
  Jeremiah (D:7)
  2 torpor snails (Lair:3)
  5 komodo dragons
  3 rime drakes
  2 polar bears
  3 trolls
  Grinder (D:4)
  2 hornets
  4 blink frogs (Lair:1)
  A snapping turtle (Lair:2)
  7 dream sheep (Lair:3)
  A water elemental (Lair:2)
  6 wyverns
  28 yaks
  2 basilisks (Lair:5)
  3 fire bats (Gauntlet)
  A wraith (D:9)
  6 humans (Lair:5)
  2 steam dragons
  Edmund (D:5)
  Menkaure (D:4)
  An acid dragon (D:9)
  3 hell hounds (Gauntlet)
  16 water moccasins
  Duvessa (D:5)
  3 black bears
  11 orc warriors
  2 ice beasts (D:5)
  7 wolves
  2 elephant zombies (Lair:4)
  2 ogres (D:5)
  6 centaurs
  2 phantoms (D:5)
  A komodo dragon zombie (Lair:4)
  4 lemures (D:6)
  A kobold brigand (D:9)
  10 bullfrogs
  A gnoll sergeant (D:7)
  5 scorpions
  10 wights
  Dowan (D:5)
  9 killer bees
  5 electric eels
  2 howler monkeys (D:5)
  2 basilisk zombies (Lair:4)
  A jelly (D:6)
  A gnoll bouda (D:7)
  3 hounds
  3 orc priests
  3 sleepcaps
  3 iguanas
  7 orc wizards
  Natasha (thrice) (D:3)
  7 hell rats (Lair:5)
  8 gnolls
  6 adders
  2 shadow imps
  2 white imps
  2 ufetubi (D:5)
  5 worms
  4 dart slugs
  32 orcs
  5 ball pythons
  6 bats
  4 endoplasms
  8 giant cockroaches
  7 goblins
  3 hobgoblins
  6 jackals (D:2)
  20 kobolds
  3 quokkas
  A frilled lizard (D:2)
  5 rats
403 creatures vanquished.

Vanquished Creatures (others)
  An orc (D:8)
1 creature vanquished.

Grand Total: 404 creatures vanquished

Notes
Turn   | Place    | Note
-------+----------+-------------------------------------------
     0 | D:1      | freelancePsychic the Demonspawn Monk began the quest for
                  | the Orb.
     0 | D:1      | Reached XP level 1. HP: 18/18 MP: 1/1
   183 | D:1      | Found Juiggaze's Magic Scroll Boutique.
   425 | D:1      | Gained mutation: You sometimes gain a little power by
                  | taking damage. [demonic ancestry]
   425 | D:1      | Reached XP level 2. HP: 24/24 MP: 2/2
  1183 | D:2      | Gained mutation: Your movements are slightly less
                  | encumbered by armour. (ER -2) [demonic ancestry]
  1183 | D:2      | Reached XP level 3. HP: 29/29 MP: 3/3
  2088 | D:1      | Bought a scroll of teleportation for 42 gold pieces
  2395 | D:4      | Found a snail-covered altar of Cheibriados.
  2407 | D:3      | Reached XP level 4. HP: 18/37 MP: 4/4
  2410 | D:3      | Reached skill level 1 in Armour
  2575 | D:3      | Noticed Natasha
  2586 | D:3      | Killed Natasha
  2587 | D:3      | Reached skill level 4 in Fighting
  2726 | D:3      | Noticed Natasha
  2735 | D:3      | Killed Natasha
  2736 | D:3      | Gained mutation: You have a pair of small antennae on your
                  | head. [demonic ancestry]
  2736 | D:3      | Reached XP level 5. HP: 3/42 MP: 5/5
  3332 | D:3      | Noticed Natasha
  3342 | D:3      | Killed Natasha
  3735 | D:4      | Noticed Grinder
  3970 | D:4      | Found an iron altar of Okawaru.
  3972 | D:4      | Noticed Menkaure
  3984 | D:4      | Gained mutation: Your movements are less encumbered by
                  | armour. (ER -4) [demonic ancestry]
  3984 | D:4      | Reached XP level 6. HP: 11/49 MP: 6/6
  3984 | D:4      | Killed Menkaure
  3992 | D:4      | Became a worshipper of Warmaster Okawaru
  3992 | D:4      | Reached * piety under Okawaru
  3992 | D:4      | Reached ** piety under Okawaru
  4194 | D:4      | Paralysed by Grinder for 3 turns
  4221 | D:4      | Killed Grinder
  4222 | D:4      | Reached skill level 5 in Fighting
  4222 | D:4      | Reached XP level 7. HP: 56/56 MP: 7/9
  4359 | D:4      | Found an ornate altar of the Wu Jian Council.
  4359 | D:4      | Found an opulent altar of Gozag.
  4362 | D:4      | Found a bloodstained altar of Trog.
  4495 | D:5      | Entered Level 5 of the Dungeon
  4668 | D:5      | Reached skill level 5 in Polearms
  5023 | D:5      | Reached skill level 6 in Fighting
  5038 | D:5      | Reached skill level 5 in Invocations
  5038 | D:5      | Gained mutation: You have a pair of antennae on your head.
                  | [demonic ancestry]
  5038 | D:5      | Reached XP level 8. HP: 20/64 MP: 11/11
  5227 | D:5      | Reached skill level 1 in Evocations
  5306 | D:5      | Noticed Duvessa
  5309 | D:5      | Noticed Dowan
  5342 | D:5      | Killed Duvessa
  5374 | D:5      | Killed Dowan
  5378 | D:5      | Reached skill level 7 in Fighting
  5878 | D:5      | Reached *** piety under Okawaru
  6417 | D:6      | Noticed Pikel
  6468 | D:6      | HP: 2/67 [Pikel/+1 whip of flaming (6)]
  6712 | D:6      | Noticed Edmund
  7231 | D:6      | Found a staircase to the Ecumenical Temple.
  7249 | D:6      | Found Ovub's Antique Weapon Shop.
  7300 | D:6      | Bought a trident for 108 gold pieces
  7924 | D:6      | Gained mutation: A meltable shield of frost defends you.
                  | (SH +4) [demonic ancestry]
  7924 | D:6      | Reached XP level 9. HP: 33/68 MP: 12/12
  7925 | D:6      | Reached skill level 8 in Fighting
  8328 | D:5      | Killed Edmund
  8685 | D:5      | Killed Pikel
  9562 | D:7      | Reached skill level 9 in Fighting
  9637 | D:7      | Reached **** piety under Okawaru
  9758 | D:7      | Noticed Jeremiah
  9850 | D:7      | Killed Jeremiah
 10013 | D:7      | Reached skill level 5 in Evocations
 10234 | D:7      | Reached XP level 10. HP: 39/83 MP: 13/13
 11170 | D:7      | Gained mutation: You do not regenerate when monsters are
                  | visible. [potion of mutation]
 11170 | D:7      | Gained mutation: You expend magic power (3 MP) to
                  | strengthen your wands. [potion of mutation]
 11170 | D:7      | Gained mutation: Your mind is acute. (Int +4, Str/Dex -1)
                  | [potion of mutation]
 11706 | D:8      | Reached ***** piety under Okawaru
 11720 | D:8      | Lost mutation: You do not regenerate when monsters are
                  | visible. [potion of mutation]
 11720 | D:8      | Lost mutation: Your mind is acute. (Int +4, Str/Dex -1)
                  | [potion of mutation]
 11720 | D:8      | Lost mutation: You expend magic power (3 MP) to strengthen
                  | your wands. [potion of mutation]
 11720 | D:8      | Gained mutation: You are weak. (Str -2) [potion of
                  | mutation]
 11720 | D:8      | Gained mutation: Your flesh is heat resistant. (rF+)
                  | [potion of mutation]
 12176 | D:9      | Noticed a rust devil
 12176 | D:9      | Noticed a rust devil
 12197 | D:9      | Found a shimmering altar of Xom.
 12197 | D:9      | Found a basalt altar of Yredelemnul.
 12368 | D:9      | Found a flagged portal.
 12377 | Bailey   | Entered a bailey
 12905 | Bailey   | Noticed an orc knight
 12920 | Bailey   | Reached skill level 10 in Fighting
 12932 | Bailey   | Killed an orc knight
 13197 | D:9      | Noticed an eight-headed hydra
 13214 | D:9      | Killed an eight-headed hydra
 13319 | D:9      | Noticed a purple ugly thing
 13332 | D:9      | Killed a purple ugly thing
 13410 | D:9      | Reached XP level 11. HP: 92/92 MP: 15/15
 13455 | D:9      | Received a gift from Okawaru
 13577 | D:9      | Paralysed by a hornet for 1 turns
 13582 | D:9      | Reached skill level 11 in Fighting
 13721 | D:9      | Noticed a two-headed ogre
 13731 | D:9      | Killed a two-headed ogre
 13732 | D:9      | Reached skill level 10 in Polearms
 14285 | D:10     | Entered Level 10 of the Dungeon
 14291 | D:10     | Found a staircase to the Lair.
 14390 | D:10     | Noticed a two-headed ogre
 14399 | D:10     | Killed a two-headed ogre
 14399 | D:10     | Received a gift from Okawaru
 15110 | D:11     | Found a staircase to the Orcish Mines.
 15111 | D:11     | Found Liujax's Armour Shop.
 15305 | D:11     | Noticed a two-headed ogre
 15358 | D:11     | Noticed a boulder beetle
 15393 | D:11     | Killed a two-headed ogre
 15602 | D:12     | Identified the "Zaiphig"
 15602 | Gauntlet | Identified the of Vurullil
 15602 | Lair:1   | Entered Level 1 of the Lair of Beasts
 15634 | Lair:1   | Reached skill level 12 in Fighting
 15645 | Lair:1   | Received a gift from Okawaru
 15688 | Lair:1   | Noticed jestert79's ghost (journeyman VSMo)
 15753 | Lair:1   | Found a gate leading to a gauntlet.
 15765 | Gauntlet | Entered a Gauntlet
 15765 | Gauntlet | Noticed a necromancer
 15765 | Gauntlet | Noticed a tengu warrior
 15765 | Gauntlet | Found a transporter.
 15765 | Gauntlet | Found a transporter.
 15765 | Gauntlet | Found a transporter.
 15765 | Gauntlet | Found a transporter.
 15769 | Gauntlet | Found a transporter.
 15769 | Gauntlet | Found a transporter.
 15776 | Gauntlet | Noticed a death scarab
 15783 | Gauntlet | Found a transporter.
 15784 | Gauntlet | Found a transporter.
 15786 | Gauntlet | Noticed a hell hog
 15805 | Gauntlet | Found a transporter.
 15806 | Gauntlet | Noticed a death yak
 15806 | Gauntlet | Noticed a death yak
 15809 | Gauntlet | Noticed a death yak
 15810 | Gauntlet | Noticed a death yak
 15814 | Gauntlet | Noticed a death yak
 15895 | Gauntlet | Found a transporter.
 15899 | Gauntlet | Found a transporter.
 15915 | Gauntlet | Found a transporter.
 15989 | Gauntlet | Reached skill level 10 in Invocations
 15989 | Gauntlet | Gained mutation: A meltable icy envelope protects you from
                  | harm. (AC +4) [demonic ancestry]
 15989 | Gauntlet | Reached XP level 12. HP: 38/102 MP: 17/19
 16078 | Gauntlet | Killed a hell hog
 16139 | Gauntlet | Identified the ring "Koib" {rC+ rN+ Int+2 Dex+6}
 16160 | Gauntlet | Identified the +7 battleaxe "Duxtoog" {elec, Fly rPois rF-
                  | Stlth+}
 16160 | Gauntlet | Noticed a minotaur
 16177 | Gauntlet | Found the +3 robe of Clouds {*Thunder rCloud rElec}
 16445 | Lair:1   | Found a runed translucent gate.
 16446 | Lair:1   | Found a runed translucent gate.
 16453 | Lair:1   | Found a runed translucent gate.
 16983 | Lair:2   | Received a gift from Okawaru
 17153 | Lair:2   | Found a staircase to the Shoals.
 17211 | Lair:2   | Identified the +5 rapier "Ginion" {heavy, rF++ Str+3}
 17213 | Lair:2   | Noticed a six-headed hydra
 17218 | Lair:2   | Killed a six-headed hydra
 17219 | Lair:2   | Reached skill level 13 in Fighting
 17226 | Lair:2   | Identified the +7 short sword of Gallantry {elec, rElec}
 17922 | Lair:2   | Identified a scroll of acquirement
 17923 | Lair:2   | Acquired the +2 pair of boots of the Gusle {rCorr}
 17966 | Lair:3   | Received a gift from Okawaru
 17980 | Lair:3   | Noticed an eight-headed hydra
 17995 | Lair:3   | Killed an eight-headed hydra
 18098 | Lair:3   | Reached XP level 13. HP: 111/111 MP: 22/22
 18222 | Lair:3   | Found a staircase to the Snake Pit.
 18326 | Lair:3   | You fall into a shaft and drop 2 floors!
 18326 | Lair:5   | Entered Level 5 of the Lair of Beasts
 18349 | Lair:5   | Reached ****** piety under Okawaru
 18350 | Lair:5   | Acquired the +0 pair of boots of the Buccaneer {rC++ Str+5}
 18350 | Lair:5   | Received a gift from Okawaru
 18395 | Lair:5   | Noticed Sonja
 18397 | Lair:5   | Killed Sonja
 18417 | Lair:5   | Noticed Kirke
 18431 | Lair:5   | Killed Kirke
 18431 | Lair:5   | Received a gift from Okawaru
 18657 | Lair:5   | Noticed Urug
 18863 | Lair:4   | Reached skill level 14 in Fighting
 19307 | Lair:4   | Found an ancient bone altar of Kikubaaqudgha.
 19315 | Lair:4   | Found a viscous altar of Jiyva.
 19316 | Lair:4   | Found a staircase to the Slime Pits.
 19642 | Lair:3   | Received a gift from Okawaru
 19801 | Lair:3   | Identified the ring "Giniwa" {rPois rF- rN++ Dex+6 SInv}
 20255 | Lair:4   | Killed Urug
 20295 | Lair:5   | Found a transporter.
 20385 | Lair:5   | Reached skill level 15 in Fighting
 20503 | Lair:5   | Acquired a +1 bardiche of venom
 20503 | Lair:5   | Received a gift from Okawaru
 20541 | Lair:5   | Noticed avis's ghost (journeyman FeSh)
 20603 | Lair:5   | Found a transporter.
 20616 | Lair:5   | Received a gift from Okawaru
 20619 | Lair:5   | Mangled by avis's ghost

Illustrated notes

Levels and vault maps discovered:
D:1:      dpeg_arrival_snail, layout_basic, serial_shops, shop,
          minmay_misc_feat_five, nicolae_concentric_dashed_squares_mild,
          chequers_serial_rivers_micro_e
D:2:      layout_basic
D:3:      cheibrodos_pilgrimage, layout_loops_corners, st_stairs_11,
          uniq_natasha
D:4:      layout_basic, grunt_temple_overflow_open, okawaru_gym_becter,
          uniq_menkaure, uniq_grinder
D:5:      minmay_opposing_rooms, layout_loops_ring, nicolae_fountain_basement,
          uniq_duvessa
D:6:      layout_basic, minmay_temple_entry_grid, serial_shops, shop,
          serial_park_tiny_2, uniq_pikel, uniq_edmund
D:7:      layout_layer_cave, hex_medium, uniq_jeremiah
D:8:      layout_rooms, serial_rivers, chequers_serial_rivers_micro_c,
          chequers_serial_rivers_small_b, chequers_serial_rivers_micro_b,
          chequers_serial_rivers_small_3, chequers_serial_rivers_marsh,
          chequers_serial_rivers_room_b, minivault_10
D:9:      cheibrodos_iron_armory, layout_basic, mainiacjoe_overflow_big_doors,
          enter_bailey_2, minmay_diamond_spiral
D:10:     layout_basic, lair_entry_dummy
D:11:     layout_loops_cross, orc_david_3
Lair:1:   layout_gridlike, gammafunk_ghost_split, gauntlet_entry_generic
Lair:2:   layout_small_grid, minmay_shoals_entry_hut
Lair:3:   layout_loops_ring, minmay_snake_entry_six_corridors
Lair:4:   pond_and_an_island_with_a_cottage, layout_gridlike, slime_entry_1,
          basic_altar
Lair:5:   hellmonk_lair_end_abyssal_woods, layout_cellular_growth,
          gammafunk_ghost_berserking_beasts, grunt_megastairs_3, uniq_urug,
          uniq_kirke, uniq_sonja

Skill      XL: |  1  2  3  4  5  6  7  8  9 10 11 12 13 |
---------------+----------------------------------------+-----
Dodging        | 3 |  3.2
Polearms       | 3 4 5 7 8 9 11 12 13 | 13.9
Armour         | 1 2 |  2.4
Fighting       | 4 5 6 7 9 10 12 13 15 | 15.2
Invocations    | 3 5 6 10 12 13 | 13.4
Evocations     | 1 5 6 |  6.6

Action                     |  1- 3 |  4- 6 |  7- 9 | 10-12 | 13-15 || total
---------------------------+-------+-------+-------+-------+-------++-------
  Melee: Spear             |   164 |   204 |   480 |       |       ||   848
         Trident           |       |       |   133 |   405 |       ||   538
         Demon trident     |       |       |       |   156 |   281 ||   437
 Invoke: Heroism           |       |     1 |     5 |     6 |     1 ||    13
         Finesse           |       |       |       |       |     1 ||     1
         Receive Weapon    |       |       |       |       |     1 ||     1
         Receive Armour    |       |       |       |       |     1 ||     1
  Evoke: Wand              |       |     4 |    15 |    11 |     3 ||    33
    Use: Potion            |     1 |     3 |     9 |     3 |       ||    16
         Scroll            |       |     4 |     6 |    18 |     2 ||    30
 Armour: Robe              |    29 |       |       |       |       ||    29
         Chain mail        |    41 |    85 |   370 |   360 |   206 ||  1062
         Skin              |       |    12 |       |       |       ||    12
  Dodge: Dodged            |    74 |    51 |   272 |   313 |   195 ||   905
  Block: Orb               |       |       |    15 |    90 |    38 ||   143

Table legend: (Time is in decaauts)
 A = Elapsed time spent in this place.
 B = Non-inter-level travel time spent in this place.
 C = Inter-level travel time spent in this place.
 D = Time resting spent in this place.
 E = Time spent auto-exploring this place.
 F = Levels seen in this place.
 G = Mean time per level.
                   A        B        C        D        E       F      G
               +--------+--------+--------+--------+--------+-----+--------+
         Total |  20396 |  19448 |    948 |    774 |  14984 |  18 | 1133.1 |
       Dungeon |  14657 |  13815 |    842 |    617 |  10917 |  11 | 1332.5 |
          Lair |   4623 |   4518 |    105 |     37 |   3495 |   5 |  924.6 |
        Bailey |    708 |    708 |      0 |     66 |    384 |   1 |  708.0 |
      Gauntlet |    406 |    406 |      0 |     54 |    187 |   1 |  406.0 |
               +--------+--------+--------+--------+--------+-----+--------+

Top non-repeatable levels by time:
     D:5: 2871 daAuts
     D:7: 1974 daAuts
     D:6: 1723 daAuts
     D:9: 1340 daAuts
     D:2: 1296 daAuts
     D:3: 1281 daAuts
  Lair:2: 1180 daAuts
     D:4: 1105 daAuts
  Lair:4: 1012 daAuts
  Lair:3: 988 daAuts
    D:10: 951 daAuts
     D:1: 930 daAuts
     D:8: 837 daAuts
  Lair:1: 744 daAuts
  Bailey: 708 daAuts
